Map: Rifts to Korhal

Players

ZPR

  • Race: Zerg Zerg
  • League: Master
  • Spawn Location: 7:00

zpr

  • Race: Terran Terran
  • Spawn Location: 7:00

VOD

Have the link to the VOD?

Description

Time

  • Played on: Jan. 21, 2018, 12:20 p.m.
  • Length: 20:19
Show
View Real Time Build Order
Export as new Build Order

ZPR Zerg 

Build Orders:  

Get SALT Encoding   

  12  0:03  Drone  
  13  0:18  Drone  
  14  0:21  Drone, Extractor  
  15  0:32  Overlord  
  15  1:05  Hatchery  
  15  1:09  Drone  
  15  1:14  Drone  
  16  1:20  Drone  
  16  1:25  Drone  
  18  1:32  Drone  
  19  1:46  Drone  
  20  1:56  Spawning Pool  
  19  2:02  Drone  
  20  2:11  Drone  
  20  2:16  Drone  
  22  2:24  Drone  
  22  2:27  Queen  
  25  2:31  Zergling x2  
  25  2:38  Extractor x2  
  25  2:39  Drone  
  25  2:47  Overlord  
  25  2:54  Drone  
  25  2:59  Queen  
  26  3:07  Drone x2  
  28  3:16  Drone  
  28  3:20  Zergling  
  28  3:21  Queen  
  28  3:22  Drone  
  29  3:32  Overlord  
  29  3:35  Drone  
  30  3:54  Drone x2  
  32  4:02  Evolution Chamber, Drone x2  
  32  4:03  Drone x2  
  35  4:21  Drone x2  
  35  4:22  Drone  
  35  4:24  Drone  
  39  4:49  Drone x3  
  42  4:52  Hatchery  
  41  5:01  Lair  
  41  5:03  Heroic Fortitude  
  41  5:05  Overlord  
  41  5:11  Drone x3  
  41  5:18  Overlord, Extractor  
  43  5:20  Extractor  
  43  5:21  Drone x2  
  43  5:27  Zerg Missile Weapons Level 1  
  44  5:37  Drone x3  
  44  5:38  Drone  
  44  5:39  Metabolic Boost  
  48  5:57  Drone x2  
  50  6:14  Hardened Carapace  
  50  6:15  Hive  
  50  6:19  Nydus Network  
  49  6:21  Zergling x10  
  49  6:28  Zergling x3  
  49  6:29  Zergling x7  
  54  6:31  Drone x2, Hydralisk Den, Chain Reaction  
  55  6:55  Zergling x3  
  55  6:56  Zergling x6  
  55  6:58  Zergling  
  43  7:00  Zergling  
  55  7:14  Zerg Melee Weapons Level 1  
  55  7:21  Overlord  
  55  7:23  Omega Worm  
  55  7:26  Drone, Hydralisk  
  55  7:27  Muscular Augments  
  66  7:30  Overlord x2  
  66  7:33  Adrenal Overload  
  66  7:34  Hydralisk x3  
  66  7:35  Hydralisk  
  66  7:51  Ancillary Carapace  
  66  7:57  Shredding Claws  
  80  8:03  Hydralisk x5  
  80  8:04  Hydralisk x2  
  80  8:09  Zergling x4  
  82  8:10  Zergling x2  
  82  8:11  Zergling x4  
  82  8:12  Zergling x3  
  82  8:13  Hydralisk, Zergling  
  82  8:17  Hydralisk  
  82  8:18  Zerg Missile Weapons Level 2  
  84  8:23  Zergling  
  84  8:24  Zergling x6  
  84  8:25  Zergling  
  84  8:26  Zergling x2  
  84  8:27  Zergling x2  
  84  8:29  Zergling x2  
  90  8:31  Omega Worm, Zergling x2  
  90  8:33  Zergling  
  90  8:34  Hydralisk  
  90  8:35  Hydralisk x2  
  90  8:37  Overlord x3  
  88  8:53  Overlord x2  
  88  8:58  Hydralisk  
  89  9:00  Frenzy  
  89  9:03  Hydralisk  
  89  9:05  Zergling x10  
  96  9:14  Hydralisk  
  96  9:15  Hydralisk  
  96  9:16  Zergling x2  
  99  9:24  Hydralisk  
  99  9:29  Zergling x8  
  103  9:30  Zergling x2  
  104  9:40  Ability Efficiency  
  104  9:49  Zergling x2  
  101  9:50  Zergling x10  
  106  10:05  Nydus Network  
  106  10:06  Nydus Network  
  104  10:10  Zergling x4  
  104  10:11  Zergling x2  
  104  10:12  Zergling x2  
  104  10:13  Zergling x4  
  104  10:14  Zergling x6  
  104  10:15  Omega Worm, Zergling x7  
  104  10:16  Zergling x7  
  104  10:17  Zergling x6  
  104  10:18  Zergling x3  
  104  10:19  Zergling x7  
  104  10:20  Zergling x4  
  104  10:21  Zergling x5  
  104  10:22  Zergling x6  
  104  10:23  Zergling  
  104  10:28  Zerg Melee Weapons Level 2, Zergling  
  104  10:29  Zergling x10  
  104  10:30  Zergling x7  
  104  10:31  Zergling x9  
  104  10:32  Zergling x3  
  104  10:33  Zergling x4  
  104  10:34  Zergling  
  115  10:43  Zergling x12  
  115  10:44  Hydralisk x4, Zergling x5  
  115  10:45  Hydralisk x2, Zergling x10  
  115  10:46  Zergling x10  
  115  10:48  Zergling x3  
  112  10:51  Zergling x3  
  112  10:52  Zergling  
  112  10:56  Zergling x10  
  112  10:57  Zergling  
  112  10:58  Zergling x3  
  112  10:59  Zergling x2  
  108  11:00  Zergling x4  
  108  11:01  Zergling x2  
  108  11:02  Zergling x3  
  108  11:06  Hydralisk x2  
  108  11:07  Hydralisk, Zergling x5  
  114  11:12  Zergling x3  
  114  11:13  Zergling  
  114  11:15  Omega Worm, Zergling x4  
  114  11:17  Omega Worm  
  111  11:21  Zergling x2  
  111  11:23  Zergling  
  108  11:30  Zergling x2  
  106  11:41  Zergling x3  
  106  11:42  Zergling x6  
  106  11:43  Zergling x2  
  106  11:44  Zergling x2  
  106  11:45  Zergling  
  106  11:46  Zergling x2  
  106  11:47  Zergling  
  106  11:48  Hydralisk x4, Zergling  
  106  11:49  Hydralisk  
  116  11:50  Zerg Melee Weapons Level 3, Zergling x3  
  116  11:51  Zergling  
  116  11:52  Zergling x5  
  116  11:53  Zergling x12  
  116  11:54  Overlord x4, Zergling  
  123  12:02  Zergling x2  
  123  12:03  Zergling x10  
  123  12:04  Zergling  
  123  12:05  Zergling x4  
  123  12:06  Zergling  
  123  12:07  Zergling x2  
  123  12:08  Zergling x2  
  123  12:09  Zergling  
  121  12:10  Zergling x2  
  121  12:12  Zergling  
  121  12:13  Zergling  
  121  12:18  Zergling x7  
  121  12:19  Hydralisk, Zergling x16  
  75  12:20  Hydralisk x2, Zergling  
  129  12:21  Zergling x6  
  129  12:23  Zergling  
  129  12:24  Zergling x2  
  129  12:25  Zergling  
  129  12:26  Zergling  
  129  12:27  Zergling x5  
  129  12:28  Zergling x6  
  129  12:29  Zergling x2  
  127  12:30  Zergling x5  
  127  12:31  Zergling x2  
  127  12:33  Zergling x2  
  127  12:34  Zergling  
  127  12:35  Zergling x5  
  127  12:36  Zergling  
  127  12:37  Zergling  
  127  12:38  Zergling x3  
  127  12:39  Zergling x2  
  127  12:40  Zergling x3  
  127  12:41  Omega Worm, Zergling  
  127  12:42  Zergling x7  
  127  12:43  Zergling  
  127  12:44  Zergling x5  
  127  12:45  Zergling  
  127  12:46  Zergling  
  127  12:47  Zergling  
  127  12:48  Zergling x3  
  127  12:49  Zergling x7  
  122  12:50  Zergling x24  
  131  13:00  Hydralisk  
  133  13:15  Hydralisk, Zergling x4  
  133  13:16  Hydralisk x2, Zergling x5  
  133  13:18  Zerg Missile Weapons Level 3  
  81  13:20  Zergling x11  
  141  13:21  Zergling  
  141  13:22  Zergling x4  
  141  13:24  Hydralisk x2, Zergling x4  
  141  13:25  Zergling  
  141  13:28  Zergling x5  
  141  13:29  Zergling x9  
  82  13:30  Zergling x4  
  141  13:31  Zergling x4  
  141  13:32  Zergling x2  
  141  13:33  Zergling x5  
  141  13:35  Omega Worm, Zergling x3  
  141  13:36  Zergling  
  141  13:37  Zergling  
  141  13:38  Zergling  
  141  13:39  Zergling x2  
  141  13:43  Zergling x5  
  141  13:44  Zergling  
  141  13:45  Zergling  
  141  13:46  Zergling  
  84  13:50  Zergling  
  140  14:00  Hydralisk, Zergling  
  140  14:01  Hydralisk x7, Zergling x2  
  140  14:02  Zergling  
  140  14:07  Zergling  
  141  14:11  Zergling  
  141  14:12  Omega Worm  
  141  14:14  Hydralisk x2  
  141  14:15  Hydralisk  
  140  14:22  Hydralisk  
  132  14:34  Zergling  
  132  14:36  Zergling  
  132  14:37  Zergling x2  
  132  14:38  Zergling x19  
  115  14:46  Zerg Ground Armor Level 1  
  107  14:52  Zergling x4  
  107  14:53  Zergling x8  
  115  15:05  Hydralisk  
  115  15:07  Omega Worm  
  117  15:10  Hydralisk  
  117  15:17  Zergling x2  
  117  15:18  Zergling x10  
  123  15:26  Zergling  
  123  15:27  Zergling x4  
  123  15:28  Zergling x2  
  123  15:29  Zergling x5  
  127  15:30  Zergling x2  
  127  15:31  Zergling x2  
  127  15:32  Zergling x3  
  127  15:34  Hydralisk x2, Zergling x2  
  127  15:37  Zergling x2  
  127  15:38  Zergling x2  
  127  15:39  Zergling x6  
  127  15:40  Zergling x4  
  127  15:41  Zergling x3  
  127  15:42  Zergling x2  
  127  15:43  Zergling x4  
  127  15:44  Zergling x7  
  127  15:45  Zergling x4  
  127  15:46  Zergling x4  
  127  15:47  Omega Worm, Zergling x5  
  127  15:48  Zergling x7  
  127  15:49  Zergling x8  
  127  15:50  Zergling x11  
  127  15:51  Zergling x5  
  127  15:52  Zergling x8  
  127  15:53  Zergling x2  
  127  15:56  Zergling x15  
  127  15:57  Zergling x7  
  127  15:59  Zergling x3  
  117  16:00  Zergling x7  
  117  16:01  Zergling x4  
  117  16:02  Zergling x4  
  117  16:04  Zergling x8  
  117  16:05  Zergling x2  
  117  16:06  Zergling  
  117  16:07  Hydralisk x7  
  117  16:08  Zerg Ground Armor Level 2, Hydralisk x3  
  121  16:47  Hydralisk x2  
  121  16:48  Hydralisk x5  
  135  16:52  Omega Worm  
  135  16:56  Hydralisk x2  
  139  17:01  Zergling  
  139  17:09  Hydralisk x2  
  139  17:16  Hydralisk  
  139  17:17  Hydralisk  
  153  17:31  Hydralisk x5  
  153  17:35  Hydralisk x3  
  153  17:36  Omega Worm  
  153  17:37  Hydralisk x2  
  157  17:48  Overlord x2  
  157  17:49  Hydralisk x2  
  161  17:55  Omega Worm  
  155  18:06  Hydralisk  
  155  18:07  Hydralisk  
  159  18:15  Zergling x2  
  159  18:16  Zergling x14  
  159  18:19  Zergling x6  
  167  18:20  Zergling x8  
  167  18:21  Zergling  
  167  18:22  Zergling x5  
  167  18:23  Zergling x3  
  167  18:24  Zergling x4  
  167  18:28  Zergling  
  167  18:33  Zergling x2  
  167  18:34  Zergling  
  167  18:36  Hydralisk x2  
  171  18:40  Omega Worm  
  171  18:41  Zergling  
  171  18:42  Omega Worm, Zergling  
  171  18:44  Zergling  
  168  18:50  Zergling  
  168  18:56  Omega Worm  
  168  18:57  Zergling  
  164  19:02  Zergling  
  176  19:10  Zergling  
  176  19:13  Hydralisk x4  
  176  19:14  Hydralisk x3  
  176  19:17  Zergling  
  175  19:27  Overlord  
  175  19:28  Overlord x2  
  175  19:29  Hydralisk  
  177  19:45  Omega Worm  
Show
View Real Time Build Order
Export as new Build Order

zpr Terran 

Build Orders:  

Get SALT Encoding   

Tags
 
League
Master
Matchup
Co-op
Replay Pack
Co-op Speedrun
Add a new tag
Caveats
  • Supply blocks, unpowered buildings, or Contaminate may cause inaccurate times.
  • Supply counts are checked every 10 seconds.